 Dungeon Crawl Stone Soup version 0.30-a0-335-ge5acde7520 (webtiles) character file.

Game seed: 17690264214733833666

9 Muataran the Chopper (level 2, -3/40 HPs)
             Began as a Minotaur Berserker on Oct 31, 2022.
             Was a Follower of Trog.
             Slain by Natasha (5 damage)
             ... on level 2 of the Dungeon.
             The game lasted 00:00:56 (732 turns).

Muataran the Chopper (Minotaur Berserker)            Turns: 732, Time: 00:00:56

Health: -3/40      AC:  3    Str: 21    XL:     2   Next: 3%
Magic:  1/1        EV: 12    Int:  4    God:    Trog [*.....]
Gold:   44         SH:  0    Dex:  9    Spells: 1/1 levels left

rFire   . . .      SeeInvis .    a - +0 hand axe
rCold   . . .      Faith    .    (no shield)
rNeg    . . .      Spirit   .    b - +0 animal skin
rPois   .          Reflect  .    (helmet restricted)
rElec   .          Harm     .    (no cloak)
rCorr   .          Rampage  .    c - +0 pair of gloves
Will    .....                    (no boots)
Stlth   ..........               (no amulet)
HPRegen 0.26/turn                (no ring)
MPRegen 0.07/turn                (no ring)

@: berserking, very quick
A: horns 2, retaliatory headbutt
a: Renounce Religion, Berserk


You were on level 2 of the Dungeon.
You worshipped Trog.
Trog was aware of your devotion.
You visited 1 branch of the dungeon, and saw 2 of its levels.

You collected 44 gold pieces.

Inventory:

Hand Weapons
 a - a +0 hand axe (weapon)
Missiles
 d - a throwing net (quivered)
Armour
 b - a +0 animal skin (worn)
 c - a +0 pair of gloves (worn)
Scrolls
 f - 2 scrolls of identify {unknown}
 g - a scroll of poison {unknown}
Potions
 e - a potion of magic {unknown}
 h - a potion of brilliance {unknown}
 i - a potion of lignification {unknown}


   Skills:
 + Level 3.8 Fighting
 + Level 3.8 Axes
 + Level 2.7 Armour
 + Level 2.4 Dodging


You had one spell level left.
You didn't know any spells.
Your spell library was empty.

Dungeon Overview and Level Annotations

Branches:
Dungeon (2/15)

Altars:

Annotations:
D:2 Natasha


Innate Abilities, Weirdness & Mutations

You have a pair of horns on your head.
You reflexively headbutt those who attack you in melee.


Message History

There is a stone staircase leading down here.
You climb downwards.
Found 7 stones.
There is a stone staircase leading up here.
An endoplasm is nearby!
An endoplasm is nearby!
The endoplasm quivers.
The endoplasm closely misses you.
You hit the endoplasm.
The endoplasm is moderately wounded.
The endoplasm barely misses you. You furiously retaliate!
You headbutt the endoplasm!
You kill the endoplasm!
Trog accepts your kill.
You have reached level 2!
f - 2 scrolls labelled MYDILU TAULL (gained 1)
i - a black potion Natasha, Servant of Life and Death comes into view.
Found a dagger.
Natasha hisses angrily.
Natasha mumbles some strange words.
Natasha is nearby!
The white imp shouts, "Remove thy stench, thou skyhacking boil-brained bovine!"
Natasha howls an incantation.
You feel troubled.
Found a bubbling red potion and 7 gold pieces.
A giant cockroach comes into view.
The white imp gestures at you. The puff of frost hits you! Natasha claws you.
The white imp gestures at you. The puff of frost hits you!
* * * LOW HITPOINT WARNING * * *
You are too injured to fight recklessly!
A red film seems to cover your vision as you go berserk!
You feel yourself moving faster!
You feel mighty! Natasha claws you!
* * * LOW HITPOINT WARNING * * *
The white imp barely misses you.
You barely miss Natasha. You hit the white imp. Natasha claws you.
You die...

.#.. #$#. ...
#####). #.....##
#......
#..5h######
###### #@.....!.
#.#..###.##.####
#.##..##.......B
#..............#
####...........#
#.#####...$.#
####.## .....#
#..(..# #..###
#.....# ....


You could see Natasha and a white imp (summoned).

Vanquished Creatures
  2 endoplasms
  A goblin (D:1)
  A ball python (D:1)
  2 bats (D:1)
  A frilled lizard (D:1)
  A kobold (D:1)
  2 rats (D:1)
10 creatures vanquished.

Notes
Turn   | Place    | Note
-------+----------+-------------------------------------------
     0 | D:1      | Muataran the Minotaur Berserker began the quest for the
                  | Orb.
     0 | D:1      | Reached XP level 1. HP: 19/19 MP: 0/0
   406 | D:1      | Found a faded altar of an unknown god.
   708 | D:2      | Reached XP level 2. HP: 27/27 MP: 1/1
   727 | D:2      | Noticed Natasha
   731 | D:2      | HP: 2/40 [Natasha (7)]
   732 | D:2      | Slain by Natasha

Illustrated notes

Levels and vault maps discovered:
D:1:      noname_arrival_rooms_in_the_neighbourhood, layout_basic,
          dilly_ecumenical_altar_fadedgnrine, minmay_pentomino_q4
D:2:      layout_basic, nicolae_elevator_lobby_plus, uniq_natasha

Action                   || total
-------------------------++-------
Melee: Hand axe          ||    19
       Headbutt          ||     1
Invok: Berserk           ||     1
 Stab: Sleeping          ||     1
Armor: Animal skin       ||     2
Dodge: Dodged            ||    13

Table legend: (Time is in decaauts)
 A = Elapsed time spent in this place.
 B = Non-inter-level travel time spent in this place.
 C = Inter-level travel time spent in this place.
 D = Time resting spent in this place.
 E = Time spent auto-exploring this place.
 F = Levels seen in this place.
 G = Mean time per level.
                   A        B        C        D        E       F      G
               +--------+--------+--------+--------+--------+-----+--------+
         Total |    733 |    681 |     52 |      0 |    598 |   2 |  366.5 |
       Dungeon |    733 |    681 |     52 |      0 |    598 |   2 |  366.5 |
               +--------+--------+--------+--------+--------+-----+--------+

Top non-repeatable levels by time:
     D:1: 707 daAuts
     D:2: 26 daAuts
